 Dungeon Crawl Stone Soup version 0.17-a0-1545-gc1bb672 (webtiles) character file.

156 Lathuz the Cudgeler (level 5, -5/45 HPs)
             Began as a Minotaur Fighter on July 18, 2015.
             Slain by a gnoll
             ... wielding a +0 halberd
              (10 damage)
             ... on level 3 of the Dungeon.
             The game lasted 00:03:48 (1960 turns).

Lathuz the Cudgeler (Minotaur Fighter)              Turns: 1960, Time: 00:03:48

Health: -5/45      AC:  6    Str: 21    XL:     5   Next: 15%
Magic:  4/4        EV:  7    Int:  5    God:
Gold:   82         SH:  9    Dex: 10    Spells: 0 memorised, 4 levels left

rFire  . . .     SeeInvis .     a - +0 flail
rCold  . . .     Clarity  .     b - +0 scale mail
rNeg   . . .     SustAt   .     c - +0 shield
rPois  .         Gourm    .     (helmet restricted)
rElec  .         Spirit   .     (no cloak)
rCorr  .         Warding  .     (no gloves)
rMut   .         Stasis   .     (no boots)
MR     .....                    (no amulet)
Stlth  +.........               (no ring)
                                q - ring of stealth

@: not resistant to hostile enchantments, very unstealthy
A: retaliatory headbutt, horns 2
a: no special abilities


You were on level 3 of the Dungeon.
You were hungry.

You visited 1 branch of the dungeon, and saw 3 of its levels.

You collected 82 gold pieces.

Inventory:

Hand weapons
 a - a +0 flail (weapon)
Armour
 b - a +0 scale mail (worn)
 c - a +0 shield (worn)
Jewellery
 q - a ring of stealth (left hand)
Scrolls
 f - 2 scrolls of enchant weapon {unknown}
 h - 4 scrolls of identify {unknown}
 i - 2 scrolls of remove curse {unknown}
 j - a scroll of enchant armour {unknown}
 m - a scroll of immolation {unknown}
 n - a scroll of noise {unknown}
Potions
 d - a potion of might
 g - 2 potions of agility {unknown}
 k - a potion of poison {unknown}
 l - 3 potions of curing {unknown}
Books
 p - a book of Changes

   Spells                             Type                      Level
   a - Beastly Appendage              Transmutation                1
   b - Sticks to Snakes               Transmutation                2
   c - Spider Form                    Transmutation/Poison         3
   d - Ice Form                       Ice/Transmutation            4
   e - Blade Hands                    Transmutation                5
Comestibles
 e - a bread ration
 o - 4 chunks of flesh


   Skills:
 - Level 3.6 Fighting
 + Level 6.5 Maces & Flails
 - Level 3.6 Armour
 - Level 3.6 Shields


You had 4 spell levels left.
You didn't know any spells.

Dungeon Overview and Level Annotations

Branches:
Dungeon (3/15)

Altars:


Innate Abilities, Weirdness & Mutations

You reflexively headbutt those who attack you in melee.
You have a pair of horns on your head.


Message History

Your scale mail prevents you from hitting the gnoll.
You are feeling hungry.
The gnoll hits you with a halberd! The gnoll hits you with a halberd.
* * * LOW HITPOINT WARNING * * *
You are too injured to fight recklessly!
You are too injured to fight recklessly!
You are too injured to fight recklessly!
You are too injured to fight recklessly!
You hit the gnoll.
The gnoll is moderately wounded.
The gnoll hits you but does no damage. The gnoll hits you with a halberd!
* * * LOW HITPOINT WARNING * * *
You closely miss the gnoll. You headbutt the gnoll.
The gnoll is severely wounded.
You block the gnoll's attack. The gnoll closely misses you.
You sock the gnoll!
You kill the gnoll!
The kobold throws a stone.
The stone hits you but does no damage. The gnoll hits you with a halberd!
You die...

..$.# ...#
..># ..# ..#
#K#######
#)gw..... #@#
# #(###+## ..
#..(...# ...
#......# ....
#......###
#..##.........
#........#.#
#..#.##### #
#..#.#


You could see a worm, a gnoll and a kobold.

Vanquished Creatures
  Ijyb (D:2)
  5 adders
  3 gnolls (D:3)
  An ooze (D:1)
  A worm (D:2)
  5 bats
  9 goblins
  5 hobgoblins
  7 jackals (D:2)
  A kobold (D:3)
  A ball python (D:1)
  A giant gecko (D:1)
  3 giant newts
  7 rats
50 creatures vanquished.

Notes
Turn   | Place    | Note
--------------------------------------------------------------
     0 | D:1      | Lathuz the Minotaur Fighter began the quest for the Orb.
     0 | D:1      | Reached XP level 1. HP: 19/19 MP: 0/0
   138 | D:1      | Reached XP level 2. HP: 26/26 MP: 1/1
   770 | D:2      | Reached skill level 4 in Maces & Flails
   987 | D:2      | Reached XP level 3. HP: 17/31 MP: 2/2
  1265 | D:2      | Noticed Ijyb
  1302 | D:2      | Killed Ijyb
  1302 | D:2      | Reached skill level 5 in Maces & Flails
  1407 | D:2      | Reached XP level 4. HP: 39/39 MP: 3/3
  1825 | D:3      | Reached skill level 6 in Maces & Flails
  1952 | D:3      | Reached XP level 5. HP: 36/45 MP: 4/4
  1960 | D:3      | Slain by a gnoll

Vault maps used:
D:1:      enne_arrival_octagon_isle
D:2:      grunt_ministairs_8, uniq_iyjb
D:3:      minmay_misc_feat_plants, uniq_natasha

Action                   |  1- 3 |  4- 6 || total
-------------------------+-------+-------++-------
Melee: Flail             |    76 |    69 ||   145
  Eat: Chunk             |     2 |     1 ||     3
